 Dungeon Crawl Stone Soup version 0.17-a0-1534-gf98da79 (webtiles) character file.

237 mrath the Sneak (level 6, -5/41 HPs)
             Began as a Halfling Assassin on July 17, 2015.
             Killed by divine providence
             ... invoked by an orc priest
              (14 damage)
             ... on level 4 of the Dungeon on July 18, 2015.
             The game lasted 00:33:07 (4383 turns).

mrath the Sneak (Halfling Assassin)                 Turns: 4383, Time: 00:33:07

Health: -5/41      AC:  4    Str: 11    XL:     6   Next: 28%
Magic:  6/6        EV: 16    Int: 10    God:
Gold:   206        SH:  0    Dex: 18    Spells: 0 memorised, 5 levels left

rFire  . . .     SeeInvis .     a - +2 dagger
rCold  . . .     Clarity  .     c - +0 robe
rNeg   . . .     SustAt   .     (shield restricted)
rPois  .         Gourm    .     s - +0 helmet
rElec  .         Spirit   .     d - +0 cloak
rCorr  .         Warding  .     (no gloves)
rMut   .         Stasis   .     (no boots)
MR     .....                    (no amulet)
Stlth  ++++......               (no ring)
                                (no ring)

@: not resistant to hostile enchantments, stealthy
A: mutation resistance 1
a: no special abilities


You were on level 4 of the Dungeon.
You were not hungry.

You visited 2 branches of the dungeon, and saw 5 of its levels.

You collected 206 gold pieces.

Inventory:

Hand weapons
 a - a +2 dagger (weapon)
 b - a +0 blowgun
 g - a +0 hunting sling
 t - a cursed -3 trident
Missiles
 f - 2 curare-tipped needles
 k - 47 sling bullets
 l - 41 arrows
 n - 90 stones
 u - 8 tomahawks (quivered)
 z - 5 poisoned needles
Armour
 c - a +0 robe (worn)
 d - a +0 cloak (worn)
 i - a +2 cloak
 s - a +0 helmet (worn)
 y - a +0 scale mail of positive energy
Magical devices
 o - a wand of fireball (1)
 r - a wand of confusion (18)
Scrolls
 v - a scroll of remove curse {unknown}
 x - a scroll of recharging {unknown}
Potions
 e - a potion of brilliance {unknown}
 j - 2 potions of might {unknown}
 m - 4 potions of curing {unknown}
 p - a potion of agility {unknown}
 q - a potion of degeneration {unknown}
 w - a potion of heal wounds {unknown}
Comestibles
 h - 2 fruits


   Skills:
 + Level 2.8 Fighting
 + Level 4.0 Short Blades
 + Level 4.2 Throwing
 + Level 3.1 Dodging
 + Level 5.5 Stealth


You had 5 spell levels left.
You didn't know any spells.

Dungeon Overview and Level Annotations

Branches:
Dungeon (4/15)             Temple (1/1) D:4

Altars:
Ashenzari
Cheibriados
Dithmenos
Elyvilon
Fedhas
Kikubaaqudgha
Okawaru
Qazlal
Ru
Sif Muna
Trog
Vehumet
Xom
Yredelemnul
Zin
The Shining One


Innate Abilities, Weirdness & Mutations

You are small and have problems with some larger weapons.
You are somewhat resistant to further mutation.


Message History

The orc priest is lightly wounded.
The orc misses you. The orc priest hits you with a club.
You barely miss the orc priest.
The orc priest is lightly wounded.
The orc closely misses you. The orc priest hits you with a club.
You hit the orc priest but do no damage.
The orc priest is lightly wounded.
Wield which item (- for none, * to show all)? (? for menu, Esc to quit)
Okay, then.
The orc closely misses you.
The orc priest invokes the aid of Beogh against you.
Something smites you!
The orc priest calls down the wrath of Beogh upon you.
Something smites you!
* * * LOW HITPOINT WARNING * * *
The orc priest calls upon Beogh to heal the orc priest.
The orc priest's wounds heal themselves!
The orc priest invokes the aid of Beogh against you.
Something smites you!
You die...

...o...## #### ...o....#
... #######.## #.## #.o#
##..### #..# #P.P..##
#..# ##.PP.P.# #o.#
#####.P.>P..#
#.o####........P..##
#..@##........P.....
##................##
##.......#........#
.#####......######.....#
.>..........# #####..#
#..........## ###.
#...........######## #
#..................##
....####......##....#


You could see 2 orc priests and an orc.

Vanquished Creatures
  Terence (D:3)
  An iguana (D:4)
  Robin (D:2)
  7 adders
  3 oozes
  A worm (D:2)
  2 giant geckos
  8 bats
  3 giant cockroaches
  14 hobgoblins
  10 jackals
  15 kobolds
  3 quokkas
  4 ball pythons
  4 giant newts
  9 goblins
  A quokka skeleton (D:4)
  9 rats
96 creatures vanquished.

Notes
Turn   | Place    | Note
--------------------------------------------------------------
     0 | D:1      | mrath the Halfling Assassin began the quest for the Orb.
     0 | D:1      | Reached XP level 1. HP: 14/14 MP: 1/1
   148 | D:1      | Reached XP level 2. HP: 16/19 MP: 2/2
   479 | D:1      | Reached XP level 3. HP: 24/24 MP: 3/3
  1343 | D:2      | Reached XP level 4. HP: 20/29 MP: 4/4
  1509 | D:2      | You fall through a shaft!
  2064 | D:2      | Reached skill level 5 in Stealth
  2103 | D:2      | Noticed Robin
  2172 | D:2      | Killed Robin
  2172 | D:2      | Reached XP level 5. HP: 17/35 MP: 5/5
  2920 | D:3      | Found an ancient bone altar of Kikubaaqudgha.
  2923 | D:3      | Found a snail-covered altar of Cheibriados.
  2923 | D:3      | Found a sacrificial altar of Ru.
  2930 | D:3      | Found a bloodstained altar of Trog.
  2931 | D:3      | Found a deep blue altar of Sif Muna.
  3445 | D:3      | Found an iron altar of Okawaru.
  3519 | D:3      | Noticed Terence
  3531 | D:3      | Killed Terence
  3531 | D:3      | Reached XP level 6. HP: 41/41 MP: 6/6
  3548 | D:3      | Found a basalt altar of Yredelemnul.
  3548 | D:3      | Found a shattered altar of Ashenzari.
  3798 | D:3      | Found a white marble altar of Elyvilon.
  4155 | D:4      | Found a staircase to the Ecumenical Temple.
  4179 | Temple   | Entered the Ecumenical Temple
  4383 | D:4      | Killed from afar by an orc priest

Vault maps used:
D:1:      elethiomel_arrival_fortress_basement
D:2:      uniq_robin
D:3:      nicolae_overflow_hidden_temple, grunt_temple_overflow_open,
          uniq_terence
D:4:      makhleb_grotto_becter, minmay_temple_entry_overgrown, first_bread,
          uniq_edmund
Temple:   nicolae_temple_great_sept

Action                   |  1- 3 |  4- 6 || total
-------------------------+-------+-------++-------
Melee: Dagger            |    60 |   224 ||   284
 Fire: Blowgun           |    27 |    13 ||    40
       Hunting sling     |       |     5 ||     5
Throw: Tomahawk          |       |     3 ||     3
 Stab: Sleeping          |     9 |    19 ||    28
  Eat: Chunk             |     1 |     1 ||     2
       Bread ration      |       |     2 ||     2
       Fruit             |       |     1 ||     1
